 Dungeon Crawl Stone Soup version 0.26-a0-1177-g1209ec82b9 (webtiles) character file.

Game seed: 17726901895424814538

343320 dolemite99 the Arsonist (level 21, 0/154 HPs)
             Began as a Demonspawn Fire Elementalist on Dec 24, 2020.
             Was the Champion of Dithmenos.
             Slain by a spark wasp (4 damage)
             ... called by a spriggan druid
             ... on level 2 of the Depths on Dec 25, 2020.
             The game lasted 03:24:19 (111925 turns).

dolemite99 the Arsonist (DsFE)                    Turns: 111925, Time: 03:24:19

Health: 0/154      AC: 28    Str: 12    XL:     21   Next: 13%
Magic:  34/34      EV: 15    Int: 35    God:    Dithmenos [******]
Gold:   1732       SH:  7    Dex: 13    Spells: 1/38 levels left

rFire    + . .     SeeInvis .   a - +3 fustibalus (freeze)
rCold    + . .     Faith    .   J - +2 buckler {rPois}
rNeg     . . .     Spirit   .   C - +3 swamp dragon scales
rPois    +         Reflect  .   p - +3 helmet of Wytiocog {Int+5}
rElec    +         Harm     .   P - +2 cloak {rCorr}
rCorr    +         Rampage  .   q - +2 pair of gloves
Will     ++...                  (boots unavailable)
Stlth    +++++++...             n - amulet of Ilamase {Regen+ Slay+5}
HPRegen  0.75/turn              z - ring of willpower
MPRegen  0.24/turn              c - ring "Kioghinn" {rPois Str+3 Int+6 Dex-3 Stlth+}

@: resistant, marked, very slightly contaminated, wreathed by umbra, invisible
A: hooves 3, iridescent scales 2, powered by pain 3, spiny 3
}: 2/15 runes: decaying, gossamer
a: Renounce Religion, Shadow Step, Shadow Form


You were on level 2 of the Depths.
You worshipped Dithmenos.
Dithmenos was exalted by your worship.
You visited 8 branches of the dungeon, and saw 40 of its levels.
You also visited: Ice Cave.

You collected 6873 gold pieces.
You spent 5141 gold pieces at shops.

Inventory:

Hand Weapons
 a - a +3 fustibalus of freezing (weapon)
 b - a +4 vampiric demon blade
 w - a +5 scimitar of flaming
 X - the +8 long sword of the Grave {freeze, +Fly rElec Will+}
   (You found it on level 3 of the Lair of Beasts)

   It has been specially enchanted to freeze those struck by it, causing extra
   injury to most foes and up to half again as much damage against particularly
   susceptible opponents.
   It can also slow down cold-blooded creatures.
   It insulates you from electricity.
   It affects your willpower, your defense against some magical effects.
   It lets you fly.
Missiles
 E - 5 curare-tipped darts
 F - 279 sling bullets (quivered ammo)
 I - 5 javelins
Armour
 p - the +3 helmet of Wytiocog (worn) {Int+5}
   (You found it on level 1 of the Spider Nest)

   It affects your intelligence (+5).
 q - a +2 pair of gloves (worn)
 C - +3 swamp dragon scales (worn)
 J - a +2 buckler of poison resistance (worn)
 P - a +2 cloak of preservation (worn)
 R - +0 fire dragon scales
Jewellery
 c - the ring "Kioghinn" (right hand) {rPois Str+3 Int+6 Dex-3 Stlth+}
   (You bought it in a shop on level 7 of the Dungeon)

   [ring of intelligence]

   It affects your strength (+3).
   It affects your intelligence (+6).
   It affects your dexterity (-3).
   It protects you from poison.
   It makes you more stealthy.
 d - an uncursed ring of protection from fire
 g - an uncursed ring of protection from cold
 n - the amulet of Ilamase (around neck) {Regen+ Slay+5}
   (You found it on level 2 of the Swamp)

   [amulet of regeneration]

   It affects your accuracy and damage with ranged weapons and melee attacks
   (+5).
   It increases your rate of regeneration.
 t - a +4 ring of protection
 v - the ring of Qebboa {rPois rCorr}
   (You found it on level 4 of the Vaults)

   [ring of resist corrosion]

   It protects you from poison.
   It provides partial protection from all sources of acid and corrosion.
 z - a ring of willpower (left hand)
 A - the ring of Ingomnu {rN+ EV+4 Str+3}
   (You bought it in a shop on level 7 of the Dungeon)

   [ring of evasion]

   It affects your evasion (+4).
   It affects your strength (+3).
   It protects you from negative energy.
Wands
 k - a wand of paralysis (8)
 O - a wand of polymorph (5)
 Q - a wand of acid (13)
 T - a wand of enslavement (15)
 V - a wand of digging (11)
 Z - a wand of iceblast (6)
Scrolls
 i - 5 scrolls of magic mapping
 j - 4 scrolls of blinking
 r - a scroll of fear
 u - 15 scrolls of remove curse {@r2}
 x - 6 scrolls of teleportation
 W - 4 scrolls of identify {@r1}
Potions
 f - 3 potions of berserk rage
 l - 7 potions of cancellation
 m - 9 potions of lignification
 o - 4 potions of ambrosia
 s - a potion of resistance
 B - 3 potions of flight
 D - a potion of brilliance
 K - 6 potions of curing
 L - a potion of magic
 N - 5 potions of haste
 S - 2 potions of mutation
 U - 2 potions of might
Miscellaneous
 h - a lightning rod (inert)
 y - a phial of floods (inert)
 G - a condenser vane (inert)
 M - a tin of tremorstones (1/2)


   Skills:
 - Level 10.6 Fighting
 - Level 8.2(9.4) Short Blades
 - Level 7.2(9.0) Long Blades
 + Level 11.9(12.6) Slings
 - Level 6.7(10.3) Throwing
 - Level 9.8 Armour
 - Level 9.8 Dodging
 - Level 8.5 Stealth
 - Level 5.0 Shields
 - Level 9.4 Spellcasting
 - Level 10.8 Conjurations
 - Level 9.0 Hexes
 - Level 10.7 Summonings
 - Level 8.9 Necromancy
 - Level 12.7 Fire Magic
 - Level 9.8 Air Magic
 - Level 8.1 Earth Magic
 - Level 10.1 Invocations
 - Level 6.5 Evocations


You had one spell level left.
You knew the following spells:

 Your Spells              Type           Power        Failure   Level
a - Fireball              Conj/Fire      39%          1%          5
b - Sticky Flame          Conj/Fire      78%          1%          4
c - Shadow Creatures      Summ           N/A          10%         6
d - Borgnjor's Vile Clut  Necr/Erth      33%          4%          5
e - Airstrike             Air            35%          1%          4
f - Summon Mana Viper     Hex/Summ       71%          2%          5
g - Swiftness             Air            71%          1%          2
h - Blink                 Tloc           N/A          8%          2
i - Conjure Flame         Conj/Fire      78%          1%          3
s - Animate Skeleton      Necr           100%         1%          1

Your spell library contained the following spells:

 Spells                   Type           Power        Failure   Level
 Corona                   Hex            75%          1%          1
 Foxfire                  Conj/Fire      100%         1%          1
 Pain                     Necr           100%         1%          1
 Shock                    Conj/Air       100%         1%          1
 Beastly Appendage        Tmut           32%          4%          1
 Ensorcelled Hibernation  Hex/Ice        94%          1%          2
 Slow                     Hex            68%          1%          2
 Confusing Touch          Hex            68%          1%          3
 Dazzling Flash           Conj/Hex       100%         1%          3
 Inner Flame              Hex/Fire       75%          1%          3
 Static Discharge         Conj/Air       73%          1%          3
 Tukima's Dance           Hex            68%          1%          3
 Vampiric Draining        Necr           34%          1%          3
 Animate Dead             Necr           34%          1%          4
 Cause Fear               Hex            34%          1%          4
 Leda's Liquefaction      Hex/Erth       33%          1%          4
 Lightning Bolt           Conj/Air       36%          1%          5
 Summon Demon             Summ           37%          1%          5
 Ignite Poison            Fire/Tmut/Pois 46%          2%          3
 Portal Projectile        Hex/Tloc       94%          2%          3
 Agony                    Necr           68%          3%          5
 Starburst                Conj/Fire      39%          6%          6
 Wereblood                Tmut           16%          8%          2
 Petrify                  Tmut/Erth      44%          10%         4
 Gell's Gravitas          Tloc           8%           16%         3
 Lesser Beckoning         Tloc           8%           16%         3
 Spider Form              Tmut/Pois      8%           16%         3
 Teleport Other           Tloc           16%          16%         3
 Irradiate                Conj/Tmut      26%          16%         5
 Summon Forest            Summ/Tloc      26%          16%         5
 Death Channel            Necr           34%          21%         6
 Metabolic Englaciation   Hex/Ice        23%          22%         5
 Yara's Violent Unravell  Hex/Tmut       23%          22%         5
 Ice Form                 Ice/Tmut       16%          45%         4
 Passage of Golubria      Tloc           N/A          45%         4
 Summon Hydra             Summ           37%          45%         7
 Simulacrum               Ice/Necr       23%          77%         6
 Blade Hands              Tmut           8%           80%         5
 Statue Form              Tmut/Erth      29%          83%         6
 Ignition                 Fire           41%          87%         8
 Hydra Form               Tmut           8%           100%        6
 Dragon Form              Tmut           8%           100%        7


Dungeon Overview and Level Annotations

Branches:
Dungeon (15/15)            Temple (0/1) D:4            Lair (6/6) D:9
  Swamp (4/4) Lair:2       Spider (4/4) Lair:4        Slime (0/5) Lair:6
    Orc (2/2) D:12            Elf (2/3) Orc:2        Vaults (4/5) D:13
  Crypt (0/3) Vaults:3     Depths (3/5) D:15          IceCv (visited)

Altars:
Ashenzari
Cheibriados
Dithmenos
Kikubaaqudgha
Makhleb
Nemelex Xobeh
Ru
Sif Muna
Trog
Uskayaw
Vehumet
Wu Jian
Xom
Yredelemnul
Beogh

Shops:
D:6 ?   D:7 =   D:10 (   D:11 *   D:13 (   Orc:2 }:*:   Elf:1 ?   Vaults:1 [
Vaults:2 ?   Vaults:4 :

Portals:
Hell: Depths:1 Depths:2
Abyss: Depths:1

Annotations:
D:6 2 runed translucent doors
D:14 Roxanne
Lair:2 exclusion: 2 oklob plants
Lair:4 2 transporters, Kanoan's ghost, journeyman MfSk
Lair:5 1 runed translucent door
Elf:2 3 runed translucent doors
Vaults:3 exclusion: downstairs
Depths:2 exclusion: downstairs


Innate Abilities, Weirdness & Mutations

You have hooves in place of feet.
You are mostly covered in iridescent scales. (AC +4)
You are powered by pain.
You are completely covered in sharp spines.


Message History

The spark wasp stings you!
* * * LOW HITPOINT WARNING * * *
The spark wasp shocks you. You resist.
* * * LOW HITPOINT WARNING * * *
Blink to where?
Press: ? - help, Dir - move target, p - spark wasp
As you read the scroll of blinking, it crumbles to dust.
You fade into invisibility!
The spark wasp bursts into living lightning!
The living lightning hits you but does no damage.
The spark wasp blinks! x2
The spark wasp is struck by your spines.
The spark wasp misses you.
You are very lightly contaminated with residual magic.
You feel better.
The spark wasp is struck by your spines.
The spark wasp stings you.
* * * LOW HITPOINT WARNING * * *
The spark wasp shocks you. You resist.
You die...

...........[....≈§§§.......###
).............##§≈≈...........
...............#§(§.....##
≈...........[...(.(#....#
..≈≈.........(.....#.####
##############(....()...# .#
#....##....+ '#########
#.(...#.).<# ...#.....#
#.(@.......# B..#...8.#
#..y...)...# . 8..#....≈#≈
#..........####'# .B.'B..≈M(≈
#....(.#.)..... 8..#..M.≈#≈
#....(....:..## ...#...8.#
#...(.......## ...#.B...#
#............## '#########
#.§...........# .#
#(............#


You could see a spark wasp.

Vanquished Creatures
  Frederick (Vaults:4)
  A lich (Depths:1)
  Rupert (Orc:2)
  A sphinx (Vaults:4)
  2 thorn hunters
  2 tengu reavers (Depths:1)
  A fenstrider witch (Swamp:4)
  4 frost giants
  A deep elf sorcerer (Elf:1)
  A fire giant (Depths:2)
  4 ghost moths
  Louise (Swamp:1)
  9 vault wardens
  A caustic shrike zombie (Depths:2)
  6 emperor scorpions
  A balrug (Depths:1)
  5 ironheart preservers
  A ghoul (Vaults:4)
  8 stone giants
  7 entropy weavers
  A dire elephant (Lair:6)
  5 bunyips
  4 spark wasps
  2 ettins
  A deep elf death mage (Vaults:4)
  7 eleionomae
  4 fire dragons
  3 ogre magi
  A deep elf high priest (Elf:1)
  4 yaktaur captains
  3 rakshasas
  6 boulder beetles
  2 ice dragons
  19 hydras
  5 ghost crabs
  2 spriggan air magi
  3 great orbs of eyes
  Harold (D:11)
  4 vault guards
  4 catoblepae
  2 death knights
  11 centaur warriors
  8 alligators
  18 two-headed ogres
  A vampire mage (Depths:2)
  A queen ant (Spider:4)
  A titan zombie (Depths:2)
  5 tengu warriors
  8 death yaks (Lair:6)
  A deep troll shaman (Lair:6)
  5 orc high priests (Orc:2)
  2 deep troll earth magi
  7 dancing weapons
  7 spriggans
  A spriggan berserker (Depths:2)
  Nergalle (D:10)
  3 soul eaters (Depths:2)
  A sun demon (Depths:2)
  Sonja (D:12)
  A death drake (Swamp:2)
  A spark wasp zombie (Depths:2)
  15 deep elf knights
  A storm dragon skeleton (Depths:1)
  2 salamander mystics (Depths:2)
  A golden dragon zombie (Depths:2)
  2 shadow wraiths (Vaults:4)
  3 goliath frogs
  A shadow demon (Depths:2)
  A sea snake (shapeshifter) (Vaults:1)
  5 spriggan druids
  14 deep trolls
  A glowing orange brain (Vaults:2)
  11 swamp dragons
  4 unseen horrors
  11 bog bodies
  3 phantasmal warriors
  9 deep elf archers
  13 orc knights
  4 spectral hydras (Swamp:2)
  2 flayed ghosts (Vaults:4)
  6 ironbrand convokers
  4 wizards
  8 harpies
  7 goliath frog zombies (Swamp:2)
  An obsidian statue (Depths:2)
  14 orb spiders
  3 necromancers
  7 cyclopes
  24 wolf spiders
  A mana viper (shapeshifter) (Depths:2)
  34 ugly things
  A salamander (shapeshifter) (D:14)
  A frost giant zombie (Depths:2)
  34 deep elf magi
  3 manticores
  5 salamanders
  4 will-o-the-wisps
  An iron dragon zombie (Depths:2)
  3 stone giant zombies (Depths:2)
  A moth of wrath (Spider:4)
  14 elephants
  3 vault sentinels
  2 ice statues (IceCv)
  4 black mambas
  2 stone giant skeletons (Depths:1)
  A gargoyle (D:13)
  3 cane toads
  2 rime drakes
  2 torpor snails
  2 centaur skeletons (D:15)
  A kobold demonologist (D:10)
  3 freezing wraiths
  A tengu conjurer (D:14)
  An efreet (D:15)
  3 swamp worm zombies (Swamp:2)
  23 yaktaurs
  14 komodo dragons
  A yaktaur skeleton (Depths:1)
  5 ice devils
  3 guardian mummies (Depths:2)
  A spriggan skeleton (Depths:1)
  11 demonic crawlers
  2 bloated husks
  38 jumping spiders
  3 meliai (D:13)
  A meliai (shapeshifter) (Depths:1)
  2 red devils
  5 trolls
  6 polar bears
  7 tyrant leeches
  12 hornets
  2 alligator zombies (Swamp:2)
  2 dream sheep (Lair:6)
  8 blink frogs
  2 spectral swamp dragons (Swamp:2)
  A meliai zombie (D:15)
  7 slime creatures
  A spriggan zombie (Depths:2)
  A centaur simulacrum (D:15)
  A frost giant simulacrum (Vaults:3)
  3 air elementals
  A water elemental (Elf:1)
  An ice dragon skeleton (Depths:1)
  4 shadows
  29 tarantellas
  8 wraiths
  95 redbacks
  A fire elemental (Elf:1)
  A vampire (D:15)
  4 fire bats (Depths:2)
  An elf zombie (Depths:2)
  A fire bat (shapeshifter) (Depths:2)
  2 hogs (Elf:1)
  56 yaks
  A basilisk (shapeshifter) (Vaults:4)
  2 basilisks
  A steam dragon (Lair:4)
  3 tyrant leech zombies (Swamp:2)
  5 wyverns
  3 vampire mosquitoes (Swamp:1)
  A swamp worm (shapeshifter) (Depths:2)
  A warg (Vaults:1)
  5 acid dragons
  A hell hound (Depths:1)
  10 water moccasins
  18 swamp worms
  2 nameless horrors (Vaults:2)
  A floating eye (Depths:2)
  25 soldier ants
  39 orc warriors
  A sky beast (D:11)
  5 black bears
  8 swamp drakes
  4 ice beasts
  4 phantoms
  2 eyes of draining (D:3)
  16 ogres
  34 wolves
  A necrophage (D:10)
  2 boggarts (Vaults:2)
  20 centaurs
  4 big kobolds
  15 bullfrogs
  2 earth elementals (Elf:2)
  3 scorpions (D:9)
  3 troll zombies (Swamp:2)
  A tengu zombie (Depths:1)
  55 killer bees
  9 wights
  9 howler monkeys
  4 crimson imps
  A bullfrog zombie (D:10)
  4 jellies
  2 quasits
  25 orc priests
  4 hounds
  Crazy Yiuf (D:7)
  A gnoll shaman (Orc:1)
  A bullfrog skeleton (D:11)
  4 iron imps (Depths:2)
  21 orc wizards
  7 iguanas
  25 worker ants
  2 killer bee zombies
  2 hound zombies
  5 mummies (Depths:2)
  2 worker ant zombies
  11 adders
  14 gnolls
  3 shadow imps
  17 white imps
  2 oozes
  9 ufetubi
  3 dart slugs
  7 leopard geckos
  74 orcs
  6 giant cockroaches
  12 goblins
  7 hobgoblins
  17 jackals
  6 quokkas
  A ball python (D:1)
  11 bats
  5 frilled lizards
  A jackal skeleton (D:4)
  31 kobolds
  8 rats
  3 butterflies
1575 creatures vanquished.

Vanquished Creatures (collateral kills)
  Boris (Vaults:3)
  Jorgrun (Orc:2)
  A lich (Vaults:3)
  A sphinx (Vaults:3)
  Kirke (Elf:1)
  A tengu reaver (Vaults:4)
  A frost giant (Depths:2)
  3 emperor scorpions (Spider:4)
  Aizul (Vaults:1)
  2 vault wardens (Vaults:2)
  A juggernaut zombie (Depths:2)
  4 stone giants
  3 ironheart preservers
  A vampire knight (Depths:1)
  A spark wasp (Depths:2)
  2 yaktaur captains
  A great orb of eyes (Vaults:2)
  A boulder beetle (Vaults:2)
  2 rakshasas
  6 vault guards
  8 two-headed ogres
  5 dancing weapons (Elf:1)
  A deep troll shaman (Vaults:2)
  3 tengu warriors
  3 death knights (Vaults:4)
  2 deep troll earth magi
  5 ogre magi
  A spriggan berserker (Depths:2)
  A sun demon (Depths:2)
  A spriggan druid (Depths:2)
  5 deep trolls
  A phantasmal warrior (Vaults:4)
  3 orc knights
  An ironbrand convoker (Vaults:2)
  A harpy (Vaults:2)
  A wolf spider (Spider:4)
  An orc sorcerer (Elf:1)
  A salamander (Depths:2)
  3 vault sentinels
  A cane toad (shapeshifter) (Vaults:2)
  A freezing wraith (Vaults:4)
  5 yaktaurs
  A komodo dragon (Vaults:3)
  3 slime creatures
  A yak (Vaults:1)
  2 hogs (Elf:1)
  2 nameless horrors
  A warg (Orc:2)
  An acid dragon (Vaults:2)
  A water moccasin (shapeshifter) (Vaults:4)
  12 orc warriors
  4 ogres
  A boggart (Vaults:2)
  2 centaurs (Vaults:1)
  An earth elemental (Elf:1)
  A crimson imp (Depths:2)
  An orc priest (Vaults:2)
  2 orc wizards
  17 orcs
  12 foxfires
154 creatures vanquished.

Vanquished Creatures (others)
  An alligator (Swamp:4)
  A deep elf knight (Elf:2)
  A deep elf mage (Elf:1)
  A cyclops (D:12)
  3 jumping spiders
  A bloated husk (Swamp:1)
  A shadow (D:14)
  A human (Elf:1)
  A bullfrog (D:12)
  2 white imps (IceCv)
  2 ufetubi (IceCv)
  2 bushes (Lair:6)
  2353 foxfires
  53 fungi
  115 plants
  6 withered plants (Swamp:2)
2544 creatures vanquished.

Grand Total: 4273 creatures vanquished

Notes
Turn   | Place    | Note
-------+----------+-------------------------------------------
     0 | D:1      | dolemite99 the Demonspawn Fire Elementalist began the quest
                  | for the Orb.
     0 | D:1      | Reached XP level 1. HP: 13/13 MP: 3/3
   323 | D:1      | Gained mutation: You are partially covered in iridescent
                  | scales. (AC +2) [demonic ancestry]
   323 | D:1      | Reached XP level 2. HP: 17/19 MP: 0/5
  1428 | D:1      | Gained mutation: You sometimes gain a little power by
                  | taking damage. [demonic ancestry]
  1428 | D:1      | Reached XP level 3. HP: 24/24 MP: 3/6
  2770 | D:2      | You fall into a shaft and drop 1 floor!
  3661 | D:3      | Reached XP level 4. HP: 26/30 MP: 3/7
  3969 | D:3      | Noticed an eye of draining
  3970 | D:3      | Found a bloodstained altar of Trog.
  4028 | D:3      | Reached skill level 3 in Fire Magic
  4203 | D:3      | Noticed an eye of draining
  4282 | D:3      | Killed an eye of draining
  4283 | D:3      | Gained mutation: You are partially covered in sharp spines.
                  | [demonic ancestry]
  4283 | D:3      | Reached XP level 5. HP: 35/35 MP: 0/8
  4537 | D:3      | Killed an eye of draining
  4538 | D:3      | Reached skill level 5 in Conjurations
  4538 | D:3      | Reached skill level 4 in Fire Magic
  4538 | D:3      | Gained mutation: You have large cloven feet. [demonic
                  | ancestry]
  4538 | D:3      | Reached XP level 6. HP: 41/41 MP: 0/9
  5077 | D:2      | Learned a level 4 spell: Sticky Flame
  5121 | D:2      | Found a shimmering altar of Xom.
  5247 | D:2      | Found a shadowy altar of Dithmenos.
  5281 | D:2      | Became a worshipper of Dithmenos the Shadowed
  5870 | D:4      | Found a staircase to the Ecumenical Temple.
  6278 | D:5      | Entered Level 5 of the Dungeon
  6362 | D:5      | Found a sparkling altar of Nemelex Xobeh.
  6469 | D:5      | Learned a level 1 spell: Foxfire
  6520 | D:5      | Reached * piety under Dithmenos
  6530 | D:5      | HP: 2/41 [orc/+0 club (2)]
  6536 | D:5      | Reached skill level 5 in Fire Magic
  6536 | D:5      | Gained mutation: You sometimes gain power by taking damage.
                  | [demonic ancestry]
  6536 | D:5      | Reached XP level 7. HP: 26/46 MP: 4/10
  6853 | D:5      | Found a sacrificial altar of Ru.
  7174 | D:6      | Found a runed translucent door.
  7185 | D:6      | Found a runed translucent door.
  7301 | D:6      | Found Fin Saschitze's Magic Scroll Boutique.
  7304 | D:6      | Bought a scroll of identify for 20 gold pieces
  7304 | D:6      | Bought a scroll of magic mapping for 35 gold pieces
  7304 | D:6      | Bought a scroll of blinking for 75 gold pieces
  8374 | D:6      | Reached skill level 6 in Fire Magic
  8610 | D:7      | Found a runed translucent door.
  8611 | D:7      | Noticed Crazy Yiuf
  8662 | D:7      | Reached ** piety under Dithmenos
  8663 | D:7      | Gained mutation: You are powered by pain. [demonic
                  | ancestry]
  8663 | D:7      | Reached XP level 8. HP: 46/52 MP: 9/11
  9928 | D:7      | Found Fyek's Jewellery Boutique.
 10547 | D:7      | Killed Crazy Yiuf
 10977 | D:8      | Reached skill level 5 in Fighting
 11642 | D:7      | Bought an uncursed ring of ice for 300 gold pieces
 11720 | D:8      | Gained mutation: You are mostly covered in sharp spines.
                  | [demonic ancestry]
 11720 | D:8      | Reached XP level 9. HP: 63/68 MP: 9/12
 11960 | D:8      | Reached skill level 1 in Short Blades
 12111 | D:8      | Found a sparkling altar of Nemelex Xobeh.
 12281 | D:8      | Found a radiant altar of Vehumet.
 12464 | D:9      | Noticed a two-headed ogre
 12492 | D:9      | Killed a two-headed ogre
 12493 | D:9      | Reached skill level 5 in Short Blades
 12500 | D:9      | Reached *** piety under Dithmenos
 12765 | D:9      | Found a shimmering blue altar of Sif Muna.
 12765 | D:9      | Found an ancient bone altar of Kikubaaqudgha.
 13085 | D:9      | Found a staircase to the Lair.
 13087 | D:9      | Noticed a troll
 13098 | D:9      | Killed a troll
 13198 | D:9      | Noticed a two-headed ogre
 13219 | D:9      | Killed a two-headed ogre
 13220 | D:9      | Gained mutation: You have hoof-like feet. [demonic
                  | ancestry]
 13220 | D:9      | Reached XP level 10. HP: 45/74 MP: 6/13
 13659 | D:9      | Found a broken altar of Ashenzari.
 13659 | D:9      | Found a basalt altar of Yredelemnul.
 13660 | D:9      | Found a hide-covered altar of Uskayaw.
 13777 | D:9      | Noticed a two-headed ogre
 13784 | D:9      | Killed a two-headed ogre
 14193 | Lair:1   | Entered Level 1 of the Lair of Beasts
 14198 | Lair:1   | Learned a level 3 spell: Conjure Flame
 14225 | Lair:1   | Learned a level 3 spell: Dazzling Flash
 14295 | Lair:1   | Noticed a cane toad
 14299 | Lair:1   | Reached skill level 5 in Stealth
 14318 | Lair:1   | Killed a cane toad
 14793 | Lair:1   | Noticed a seven-headed hydra
 14824 | Lair:1   | Killed a seven-headed hydra
 14825 | Lair:1   | Reached **** piety under Dithmenos
 15672 | Lair:1   | Gained mutation: You have hooves in place of feet. [demonic
                  | ancestry]
 15672 | Lair:1   | Reached XP level 11. HP: 67/80 MP: 1/14
 15929 | Lair:1   | Got a steaming falchion
 15931 | Lair:1   | Identified the +6 falchion "Erraesopn" {vorpal, Int+2
                  | Dex+3} (You found it on level 1 of the Lair of Beasts)
 16447 | Lair:2   | Noticed an oklob plant
 16447 | Lair:2   | Noticed an oklob plant
 17123 | Lair:2   | Reached skill level 5 in Dodging
 17996 | Lair:2   | Noticed a five-headed hydra
 18855 | Lair:2   | Noticed a boulder beetle
 18890 | Lair:2   | Killed a boulder beetle
 19500 | Lair:2   | Found an ornate altar of the Wu Jian Council.
 19502 | Lair:2   | Found a hide-covered altar of Uskayaw.
 20119 | Lair:2   | Killed a five-headed hydra
 20293 | Lair:2   | Found a staircase to the Swamp.
 20616 | Lair:3   | Got a shimmering long sword
 20621 | Lair:3   | Identified the +8 long sword of the Grave {freeze, +Fly
                  | rElec Will+} (You found it on level 3 of the Lair of
                  | Beasts)
 21011 | Lair:3   | Noticed a six-headed hydra
 21023 | Lair:3   | Killed a six-headed hydra
 21024 | Lair:3   | Reached XP level 12. HP: 36/92 MP: 3/15
 21712 | Lair:3   | Reached ***** piety under Dithmenos
 22943 | Lair:3   | Noticed a catoblepas
 22972 | Lair:3   | Killed a catoblepas
 24160 | Lair:4   | Noticed a six-headed hydra
 24160 | Lair:4   | Noticed Kanoan's ghost (journeyman MfSk)
 24182 | Lair:3   | Killed a six-headed hydra
 24550 | Lair:4   | You fall into a shaft and drop 2 floors!
 24550 | Lair:6   | Entered Level 6 of the Lair of Beasts
 25066 | Lair:5   | Found a runed translucent door.
 25068 | Lair:5   | Noticed a six-headed hydra
 25130 | Lair:5   | Noticed a boulder beetle
 25138 | Lair:5   | Killed a boulder beetle
 25139 | Lair:5   | Reached skill level 10 in Conjurations
 25619 | Lair:5   | Noticed a catoblepas
 25646 | Lair:5   | Killed a catoblepas
 26255 | Lair:4   | Found a hole to the Spider Nest.
 26382 | Lair:4   | Gained mutation: You are completely covered in sharp
                  | spines. [demonic ancestry]
 26382 | Lair:4   | Reached XP level 13. HP: 88/101 MP: 16/19
 26495 | Lair:4   | Found a transporter.
 26520 | Lair:4   | Reached skill level 7 in Fire Magic
 27099 | Lair:4   | Learned a level 5 spell: Fireball
 27226 | Lair:4   | Found a transporter.
 27910 | Lair:6   | Reached skill level 8 in Fire Magic
 28551 | Lair:6   | Reached skill level 9 in Fire Magic
 29555 | Lair:6   | Reached skill level 10 in Fire Magic
 30153 | Lair:6   | Found a staircase to the Slime Pits.
 31189 | Lair:6   | Reached skill level 11 in Fire Magic
 31345 | Lair:6   | Reached ****** piety under Dithmenos
 32021 | Lair:6   | Noticed a dire elephant
 32045 | Lair:6   | Killed a dire elephant
 32166 | Lair:6   | Got a dazzling glaive
 32168 | Lair:6   | Got a sheer robe
 32169 | Lair:6   | Identified the +0 robe of Activism {Dex+5} (You found it on
                  | level 6 of the Lair of Beasts)
 32349 | D:10     | Entered Level 10 of the Dungeon
 32395 | D:10     | Noticed Nergalle
 32413 | D:10     | Killed Nergalle
 32414 | D:10     | Reached skill level 12 in Fire Magic
 32414 | D:10     | Reached XP level 14. HP: 70/105 MP: 11/20
 32810 | D:10     | Found Gofonkel's Antique Weapon Shop.
 34187 | D:11     | Noticed Harold
 34200 | D:11     | Killed Harold
 34374 | D:11     | Found Menwim's Assorted Antiques.
 34383 | D:11     | Bought a leatherbound book for 375 gold pieces
 34383 | D:11     | Bought a wand of iceblast (12) for 100 gold pieces
 34383 | D:11     | Bought a scroll of enchant armour for 187 gold pieces
 35089 | D:11     | Found a snail-covered altar of Cheibriados.
 35102 | D:11     | Reached skill level 1 in Invocations
 35102 | D:11     | Reached skill level 1 in Evocations
 36497 | D:12     | Found a staircase to the Orcish Mines.
 36627 | D:12     | Got a pitted scale mail
 37197 | D:12     | Noticed Sonja
 37205 | D:12     | Killed Sonja
 37712 | D:12     | Upgraded the game from 0.26-a0-1164-g1a551d6a14 to
                  | 0.26-a0-1177-g1209ec82b9
 38044 | D:13     | Found a frozen archway.
 38083 | D:13     | Reached skill level 5 in Evocations
 38093 | IceCv    | Entered an ice cave
 40490 | IceCv    | Noticed a reaper
 41118 | D:13     | Reached skill level 5 in Spellcasting
 42536 | D:13     | Found a gate to the Vaults.
 42574 | D:13     | Found Jawki's Antique Weapon Emporium.
 43639 | D:13     | Bought a fine dagger for 140 gold pieces
 43642 | D:13     | Identified the +1 scale mail of the Crypt {Harm rElec rN+}
                  | (You found it on level 12 of the Dungeon)
 43650 | D:13     | Identified the +5 dagger of Strategic Superiority {flame,
                  | rElec rN+ Str+4 Int-4} (You bought it in a shop on level 13
                  | of the Dungeon)
 44380 | D:14     | Noticed Roxanne
 44392 | D:14     | Reached skill level 1 in Shields
 44601 | D:14     | Gained mutation: You are mostly covered in iridescent
                  | scales. (AC +4) [demonic ancestry]
 44601 | D:14     | Reached XP level 15. HP: 53/113 MP: 8/26
 45847 | D:14     | Reached skill level 5 in Shields
 46240 | D:15     | Entered Level 15 of the Dungeon
 46448 | D:15     | Reached skill level 5 in Invocations
 47137 | D:15     | Found a snail-covered altar of Cheibriados.
 47591 | D:15     | Noticed a frost giant
 47607 | D:15     | Killed a frost giant
 48502 | D:15     | Found a broken altar of Ashenzari.
 49031 | D:15     | Found a staircase to the Depths.
 49481 | D:7      | Bought the ring of Ingomnu {rN+ EV+4 Str+3} for 642 gold
                  | pieces
 49875 | Spider:1 | Entered Level 1 of the Spider Nest
 49924 | Lair:4   | Reached skill level 1 in Throwing
 50279 | Lair:4   | HP: 3/169 [emperor scorpion (17)]
 51996 | Spider:1 | Reached skill level 5 in Throwing
 52373 | Spider:1 | Identified the +3 helmet of Wytiocog {Int+5} (You found it
                  | on level 1 of the Spider Nest)
 53437 | Spider:1 | Learned a level 4 spell: Airstrike
 53516 | Spider:2 | Reached skill level 1 in Air Magic
 54928 | Spider:2 | Killed a ghost moth
 55999 | Spider:3 | Reached XP level 16. HP: 120/120 MP: 25/27
 56177 | Spider:3 | Reached skill level 5 in Air Magic
 56190 | Spider:4 | Entered Level 4 of the Spider Nest
 57428 | Spider:3 | Learned a level 3 spell: Static Discharge
 58274 | Swamp:1  | Entered Level 1 of the Swamp
 58382 | Swamp:1  | Learned a level 2 spell: Blink
 60116 | Swamp:1  | Noticed Louise
 60121 | Swamp:1  | Killed Louise
 60902 | Swamp:2  | Noticed a thorn hunter
 60928 | Swamp:2  | Killed a thorn hunter
 61144 | Swamp:2  | Identified the amulet of Ilamase {Regen+ Slay+5} (You found
                  | it on level 2 of the Swamp)
 62801 | Swamp:2  | Reached skill level 10 in Fighting
 63336 | Spider:4 | Reached skill level 1 in Hexes
 63840 | Spider:3 | Reached skill level 5 in Hexes
 63840 | Spider:3 | Reached XP level 17. HP: 64/128 MP: 1/28
 65276 | Spider:4 | Reached skill level 1 in Armour
 67198 | Swamp:3  | Reached skill level 5 in Armour
 68086 | Swamp:2  | Identified a scroll of acquirement
 68086 | Swamp:2  | Acquired 495 gold pieces
 68575 | Swamp:2  | Reached skill level 1 in Long Blades
 69810 | Swamp:4  | Entered Level 4 of the Swamp
 70779 | Swamp:4  | Reached skill level 5 in Long Blades
 72226 | D:7      | Bought the ring "Kioghinn" {rPois Str+3 Int+6 Dex-3 Stlth+}
                  | for 870 gold pieces
 73651 | Swamp:4  | Reached XP level 18. HP: 134/134 MP: 22/29
 73828 | Swamp:4  | Got a decaying rune of Zot
 74336 | Vaults:1 | Entered Level 1 of the Vaults
 74831 | Vaults:1 | Acquired a +0 vampiric demon blade
 75243 | Vaults:1 | Learned a level 5 spell: Summon Mana Viper
 75634 | Vaults:1 | Reached skill level 1 in Summonings
 75852 | Vaults:1 | Learned a level 1 spell: Animate Skeleton
 76593 | Vaults:1 | Found Ohinan's Antique Armour Boutique.
 77734 | Vaults:1 | Reached skill level 5 in Summonings
 77891 | Vaults:1 | Noticed Aizul
 77913 | Vaults:1 | Killed Aizul
 79270 | Vaults:2 | Found Toceul's Magic Scroll Shoppe.
 82840 | Vaults:3 | You fall into a shaft and drop 1 floor!
 83418 | Vaults:3 | Reached XP level 19. HP: 140/140 MP: 12/30
 83549 | Vaults:3 | Found a staircase to the Crypt.
 85283 | Vaults:3 | Noticed Boris
 85303 | Vaults:3 | Killed Boris
 87840 | Vaults:4 | Noticed Frederick
 87856 | Vaults:4 | Killed Frederick
 88764 | Vaults:4 | Found Rimieck's Book Shoppe.
 88773 | Vaults:4 | Bought a book of Unlife for 845 gold pieces
 88779 | Vaults:4 | Learned a level 5 spell: Borgnjor's Vile Clutch
 89005 | Vaults:4 | Reached skill level 1 in Necromancy
 89961 | Vaults:4 | Reached skill level 5 in Necromancy
 90902 | Vaults:4 | Identified the ring of Qebboa {rPois rCorr} (You found it
                  | on level 4 of the Vaults)
 91162 | Orc:1    | Entered Level 1 of the Orcish Mines
 92741 | Orc:2    | Entered Level 2 of the Orcish Mines
 92804 | Orc:2    | Noticed Rupert
 92824 | Orc:2    | Killed Rupert
 96706 | Orc:2    | Found Zaanoija's Book Shoppe.
 96710 | Orc:2    | Found Ybol's General Store.
 96711 | Orc:2    | Found Gemn's Gadget Shoppe.
 96711 | Orc:2    | Found Sircheva's Book Shoppe.
 96727 | Orc:2    | Bought a scroll of teleportation for 39 gold pieces
 96727 | Orc:2    | Bought a scroll of teleportation for 39 gold pieces
 96850 | Orc:2    | Found a staircase to the Elven Halls.
 96964 | Orc:2    | Found a roughly hewn altar of Beogh.
 97035 | Orc:2    | Noticed Jorgrun
 97042 | Orc:2    | Killed Jorgrun
 97043 | Orc:2    | Reached skill level 1 in Earth Magic
 97292 | Orc:2    | Found a burning altar of Makhleb.
 97406 | Elf:1    | Entered Level 1 of the Elven Halls
 97502 | Elf:1    | Reached XP level 20. HP: 106/149 MP: 7/33
 98284 | Elf:1    | Reached skill level 5 in Earth Magic
 98655 | Elf:1    | Noticed Kirke
 98665 | Elf:1    | Killed Kirke
 99659 | Elf:1    | Found Zulomafe's Magic Scroll Boutique.
 99667 | Elf:1    | Bought a scroll of enchant weapon for 75 gold pieces
 99667 | Elf:1    | Bought a scroll of enchant weapon for 75 gold pieces
100848 | Elf:2    | Found a runed translucent gate.
100849 | Elf:2    | Found a runed translucent gate.
100894 | Elf:2    | Found a runed translucent gate.
102499 | Orc:2    | Bought a manual of Slings for 1324 gold pieces
102715 | Depths:1 | Entered Level 1 of the Depths
102729 | Depths:1 | Reached skill level 1 in Slings
103011 | Depths:1 | Reached skill level 5 in Slings
103891 | Depths:1 | Found a one-way gate to the infinite horrors of the Abyss.
104216 | Depths:1 | Identified the +1 ring mail of Too Many Cooks {Slay+2}
104836 | Depths:1 | Found a gateway to Hell.
105934 | Depths:2 | Reached skill level 10 in Slings
107085 | Elf:2    | Learned a level 2 spell: Swiftness
107139 | Elf:2    | Learned a level 6 spell: Shadow Creatures
108031 | Spider:4 | Reached skill level 10 in Summonings
108542 | Spider:4 | Got a gossamer rune of Zot
109950 | Depths:2 | Paralysed by a great orb of eyes for 4 turns
110412 | Depths:2 | Reached XP level 21. HP: 154/154 MP: 34/34
110548 | Depths:2 | Paralysed by a floating eye for 4 turns
110843 | Depths:2 | Reached skill level 10 in Invocations
111150 | Depths:2 | Paralysed by a floating eye for 2 turns
111742 | Depths:2 | Noticed a royal mummy
111921 | Depths:2 | HP: 7/154 [spark wasp[a spriggan druid] (10)]
111921 | Depths:2 | HP: 2/154 [spark wasp[a spriggan druid] (5)]
111925 | Depths:2 | Slain by a spark wasp

Illustrated notes

Levels and vault maps discovered:
D:1:      mrwooster_arrival_statue, layout_rooms, st_stairs_6,
          minmay_tetromino_i2
D:2:      layout_basic, nicolae_dithmenos_through_a_glass_darkly, tgw_xom
D:3:      layout_loops_corners, trog_eyes_of_draining
D:4:      layout_rooms, minmay_temple_entry_enclosed_plants
D:5:      layout_basic, old_standard_altar, lemuel_doored_altar,
          minmay_fractal_squares_gapless_5
D:6:      lemuel_insect_pit, layout_basic, serial_shops,
          nicolae_shop_behind_doors, minmay_misc_feat_columns,
          kennysheep_minor_cross
D:7:      layout_basic, serial_shops, kennysheep_little_box,
          uniq_crazy_yiuf_cottage
D:8:      layout_loops_ring, lemuel_coloured_pillars_altar,
          nemelex_dance_club_becter
D:9:      layout_rooms, grunt_temple_overflow_open, lair_entry_dummy,
          serial_bayou_pond_c
D:10:     minmay_the_grid_four_pointed_star
          [minmay_the_grid_triangle_9x9_checkered,
          minmay_the_grid_triangle_9x9_semitri,
          minmay_the_grid_triangle_9x9_negative_grid,
          minmay_the_grid_triangle_9x9_zippers_vertical,
          minmay_the_grid_prize_inner_circle], layout_irregular_city,
          serial_shops, shop, uniq_nergalle
D:11:     layout_loops_ring, basic_altar, serial_shops, shop, uniq_harold
D:12:     minmay_weird_star, layout_stronghold, orc_0_dummy,
          lemuel_flamethrower_2, uniq_sonja
D:13:     minmay_ornate_pinched, layout_loops_cross, david_vaults_2,
          serial_shops, nicolae_shop_behind_doors,
          portal_ice_cave_entry_animals_and_master, skrybe_limestone_x
D:14:     layout_loops_ring, enter_bailey_5, minmay_misc_feat_diagonals,
          nrook_uturn, uniq_roxanne
D:15:     grunt_enter_depths_snipers, layout_irregular_city,
          cheibriados_altar_1, hangedman_abyss_or_decor_jellyfish_corner,
          ashenzari_altar_1
Lair:1:   layout_cave_pods, hangedman_lair_unloving_vines
Lair:2:   layout_chaotic_city, minmay_swamp_entry_worms,
          nicolae_volcano_entry_two_sided, nzn_masters_of_martial_movement,
          minmay_lair_oklob_chamber
Lair:3:   wad_woods_minihive, layout_cave_pods, lemuel_fruit_fields
Lair:4:   layout_hall_layers, dummy_spider_entry, gammafunk_ghost_arena,
          guppyfry_lair_drakes
Lair:5:   layout_layer_cave, gauntlet_entry_generic, st_stairs_12,
          pf_torpor_hydra, lemuel_fruit_fields
Lair:6:   grunt_lair_end_beastmaster, layout_loops_ring, slime_dummy
Swamp:1:  layout_basic_swamp, nicolae_swamp_orc_logging_accident, swamp_pool1,
          nicolae_swamp_very_dense_foliage, uniq_louise
Swamp:2:  cheibrodos_swamp_mausoleum, layout_falls_marsh, serial_swamp_ruin,
          evilmike_swamp_ruin_house_4, evilmike_swamp_ruin_rubble_1
Swamp:3:  layout_basic_swamp, hangedman_swamp_ruin_hall
Swamp:4:  swamp_alternative, layout_basic_swamp, swamp_pool1,
          infiniplex_staircase_pool
Spider:1: layout_spider_delve
Spider:2: layout_chambers, special_room
Spider:3: nicolae_spider_mines_3, drop_trap
Spider:4: grunt_spider_rune_circles, drop_trap, minivault_29
Orc:1:    layout_caves, nicolae_orc_sculptors_studio, kennysheep_orc_chapel
Orc:2:    st_orc_pillars, layout_caves, basic_altar, special_room,
          bloody_makhleb, uniq_rupert, uniq_jorgrun
Elf:1:    layout_rooms, serial_shops, nicolae_shop_statue_plus,
          hangedman_elf_represent, minmay_misc_feat_cross, nrook_mini_backslash,
          item_on_display_a, uniq_kirke
Elf:2:    layout_rooms, grunt_ministairs_12, uniq_nikola
Vaults:1: v_misc_3, grunt_vaults_hallway_long, ontoclasm_vaults_pinch,
          nicolae_vaults_puzzle_piece, nicolae_vaults_alarming, serial_ice_g,
          v_misc_16, layout_vaults_omnigrid, serial_shops, shop_statue,
          uniq_aizul
Vaults:2: nicolae_vaults_triangles, v_misc_19, v_misc_29,
          nicolae_vaults_holding_cells, ontoclasm_vaults_eye,
          hangedman_vaults_impose, vaults_dpeg_spiral,
          nicolae_vaults_border_crossing, v_misc_18, vaults_mumra_chevron,
          layout_vaults_big_room, serial_shops, shop
Vaults:3: ontoclasm_vaults_gateway, nicolae_vaults_shelves_hall,
          v_alt_pattern_2, grunt_vaults_funnel,
          minmay_crypt_entry_nasty_monster, hangedman_vaults_unwind,
          vaults_mumra_lcd, hangedman_vaults_capsules, vaults_room_corners,
          nicolae_vaults_little_ls, nicolae_vaults_gold_heap,
          grunt_vaults_hallway_long, st_cross, grunt_vaults_focal,
          hangedman_vaults_pinch, ontoclasm_vaults_hangar,
          layout_vaults_omnicross, serial_glass, uniq_boris
Vaults:4: vaults_room_door_ring, v_misc_33, ontoclasm_vaults_spin,
          hangedman_vaults_stretched_pinwheel, grunt_vaults_hallway_long,
          v_misc_19, hangedman_vaults_maws, v_misc_27,
          nicolae_vaults_ninety_degrees, nicolae_vaults_little_squares_1,
          vaults_room_semicircle, layout_vaults_maze_snakey, serial_shops,
          nicolae_shop_waterfront, uniq_frederick
Depths:1: layout_big_octagon, hellmouth_1, abyss_entry_crystal,
          hangedman_decor_clover_reticule, hangedman_aviary
Depths:2: lemuel_minitomb, layout_cave_pools, grunt_hell_entry_demonic_statue,
          small_statue_intersection, minmay_fountain_box, minmay_microvault
Depths:3: minmay_spriggan_fort, layout_cave_shapes, enter_ziggurat_c,
          rand_demon_pan_entry_3, infiniplex_staircase_pillars_1,
          pf_hell_entry_tar_river, horrible_house_mu, uniq_bai_suzhen

Skill      XL: |  1  2  3  4  5  6  7  8  9 10 11 12 13 14 15 16 17 18 19 20 21 |
---------------+----------------------------------------------------------------+-----
Conjurations   | 2 3 4 5 7 10 | 10.8
Fire Magic     | 3 4 5 6 12 | 12.7
Fighting       | 5 8 9 10 | 10.6
Dodging        | 2 3 8 9 |  9.8
Short Blades   | 7 8 |  8.2
Stealth        | 8 |  8.5
Spellcasting   | 4 7 9 |  9.4
Invocations    | 4 8 9 10 | 10.1
Evocations     | 6 |  6.5
Shields        | 2 5 |  5.0
Throwing       | 6 |  6.7
Air Magic      | 4 9 |  9.8
Hexes          | 5 7 9 |  9.0
Armour         | 6 9 |  9.8
Long Blades    | 7 |  7.2
Summonings     | 9 10 | 10.7
Necromancy     | 8 |  8.9
Earth Magic    | 3 8 |  8.1
Slings         | 11 | 11.9

Action                   |  1- 3 |  4- 6 |  7- 9 | 10-12 | 13-15 | 16-18 | 19-21 || total
-------------------------+-------+-------+-------+-------+-------+-------+-------++-------
Melee: Short sword       |    14 |    14 |       |       |       |       |       ||    28
       Dagger            |     4 |    21 |    40 |   124 |   254 |     5 |     2 ||   450
       Hunting sling     |       |     1 |       |       |       |       |       ||     1
       Staff             |       |       |     8 |    11 |    53 |    91 |    58 ||   221
       Kick              |       |       |       |    40 |   118 |   128 |    97 ||   383
       Falchion          |       |       |       |     6 |       |       |       ||     6
       Scimitar          |       |       |       |       |    14 |    14 |    12 ||    40
       Long sword        |       |       |       |       |       |    13 |     1 ||    14
       Demon blade       |       |       |       |       |       |   174 |   213 ||   387
 Fire: Hunting sling     |       |    82 |       |       |       |       |       ||    82
       Shortbow          |       |       |    25 |       |       |       |       ||    25
       Fustibalus        |       |       |       |       |       |       |   396 ||   396
Throw: Dart              |       |       |     6 |    37 |   168 |   280 |   197 ||   688
       Stone             |       |       |       |    48 |       |       |       ||    48
       Javelin           |       |       |       |       |       |    53 |    25 ||    78
 Cast: Foxfire           |    77 |    54 |   161 |   252 |   642 |   186 |       ||  1372
       Sticky Flame      |       |       |     2 |    79 |   208 |   144 |    87 ||   520
       Conjure Flame     |       |       |       |    19 |    20 |     7 |    29 ||    75
       Dazzling Flash    |       |       |       |       |     2 |       |       ||     2
       Fireball          |       |       |       |       |     5 |   114 |   217 ||   336
       Static Discharge  |       |       |       |       |       |    97 |    15 ||   112
       Airstrike         |       |       |       |       |       |   105 |    36 ||   141
       Summon Mana Viper |       |       |       |       |       |    90 |   125 ||   215
       Animate Skeleton  |       |       |       |       |       |    18 |    19 ||    37
       Borgnjor's Vile C |       |       |       |       |       |       |    49 ||    49
       Shadow Creatures  |       |       |       |       |       |       |    25 ||    25
       Blink             |       |       |       |       |       |       |     1 ||     1
       Swiftness         |       |       |       |       |       |       |     1 ||     1
Invok: Shadow Form       |       |       |       |       |       |     1 |     1 ||     2
Evoke: Wand              |       |       |       |     9 |    17 |    42 |    17 ||    85
       Phial of floods   |       |       |       |     2 |     2 |     6 |     4 ||    14
       Lightning rod     |       |       |       |       |     8 |    30 |    14 ||    52
       Tin of tremorston |       |       |       |       |     6 |    10 |    10 ||    26
       Condenser vane    |       |       |       |       |       |     4 |     5 ||     9
  Use: Scroll            |       |     9 |    15 |    11 |    16 |    27 |    25 ||   103
       Potion            |       |     4 |     5 |     9 |    13 |    12 |    10 ||    53
 Stab: Invisible         |       |       |     4 |     1 |     3 |       |       ||     8
       Sleeping          |       |       |       |     4 |     6 |       |       ||    10
       Paralysed         |       |       |       |       |     2 |     5 |       ||     7
       Distracted        |       |       |       |       |     1 |     3 |     9 ||    13
Armor: Robe              |    31 |       |       |       |       |       |       ||    31
       Leather armour    |    25 |    20 |    47 |    81 |       |       |       ||   173
       Skin              |       |       |    66 |    82 |    24 |       |       ||   172
       Acid dragon scale |       |       |       |    32 |   304 |       |       ||   336
       Scale mail        |       |       |       |       |   213 |   252 |       ||   465
       Swamp dragon scal |       |       |       |       |       |   103 |   277 ||   380
Dodge: Dodged            |   102 |    37 |   159 |   413 |  1081 |   722 |   502 ||  3016
Block: Buckler           |       |       |       |       |   137 |   222 |   153 ||   512
       Rpst.: Falchion   |       |       |       |     1 |       |       |       ||     1
       Scimitar          |       |       |       |       |     3 |     2 |     1 ||     6
       Long sword        |       |       |       |       |       |     4 |     1 ||     5
       Demon blade       |       |       |       |       |       |    34 |    40 ||    74

Table legend: (Time is in decaauts)
 A = Elapsed time spent in this place.
 B = Non-inter-level travel time spent in this place.
 C = Inter-level travel time spent in this place.
 D = Time resting spent in this place.
 E = Time spent auto-exploring this place.
 F = Levels seen in this place.
 G = Mean time per level.
                   A        B        C        D        E       F      G
               +--------+--------+--------+--------+--------+-----+--------+
         Total | 112119 | 105090 |   7029 |  56185 |  30354 |  41 | 2734.6 |
       Dungeon |  31453 |  28382 |   3071 |  13070 |   9995 |  15 | 2096.9 |
          Lair |  20266 |  18975 |   1291 |  10495 |   5404 |   6 | 3377.7 |
         Swamp |  12426 |  11934 |    492 |   7586 |   2512 |   4 | 3106.5 |
   Spider Nest |  11783 |  11396 |    387 |   5786 |   3061 |   4 | 2945.8 |
  Orcish Mines |   6938 |   6392 |    546 |   3860 |   1518 |   2 | 3469.0 |
   Elven Halls |   3675 |   3339 |    336 |   1448 |   1181 |   2 | 1837.5 |
        Vaults |  16779 |  16023 |    756 |   8634 |   4947 |   4 | 4194.8 |
        Depths |   6390 |   6244 |    146 |   3394 |   1531 |   3 | 2130.0 |
      Ice Cave |   2406 |   2406 |      0 |   1909 |    204 |   1 | 2406.0 |
               +--------+--------+--------+--------+--------+-----+--------+

Top non-repeatable levels by time:
    D:13: 5325 daAuts
   Orc:2: 5132 daAuts
Vaults:3: 4722 daAuts
 Swamp:2: 4668 daAuts
Vaults:4: 4612 daAuts
Vaults:1: 4409 daAuts
  Lair:6: 4101 daAuts
  Lair:2: 3904 daAuts
Depths:1: 3448 daAuts
  Lair:1: 3378 daAuts
Spider:4: 3332 daAuts
  Lair:4: 3245 daAuts
  Lair:3: 3222 daAuts
Spider:3: 3219 daAuts
    D:15: 3207 daAuts
